 Dungeon Crawl Stone Soup version 0.31-a0-844-gdc52ec4e09 (webtiles) character file.

Game seed: 5533646297073494656

77 arglypuff the Cudgeller (level 4, 37/37 HPs)
             Began as a Meteoran Reaver on Sept 30, 2023.
             Quit the game on level 2 of the Dungeon.
             The game lasted 00:03:13 (625 turns).

arglypuff the Cudgeller (Meteoran Reaver)            Turns: 625, Time: 00:03:13

Health: 37/37      AC:  3    Str: 14    XL:     4   Next: 91%
Magic:  9/9        EV: 12    Int: 14    God:
Gold:   16         SH:  0    Dex: 14    Spells: 7/8 levels left

rFire   . . .        a - +0 mace
rCold   . . .        (no shield)
rNeg    . . .        b - +0 leather armour
rPois   .            (no helmet)
rElec   .            (no cloak)
rCorr   .            (no gloves)
SInv    .            (no boots)
Will    .....        (no amulet)
Stlth   +            (no ring)
HPRegen 0.26/turn    (no ring)
MPRegen 0.11/turn

%: no passive effects
@: glowing
A: sense surroundings 1, otherworldly, glowing, explore regen
a: no special abilities


You were on level 2 of the Dungeon.
You visited 1 branch of the dungeon, and saw 2 of its levels.

You collected 16 gold pieces.

Inventory:

Hand Weapons
 a - a +0 mace (weapon)
 f - a +1 sling of flaming
Armour
 b - a +0 leather armour (worn)
Scrolls
 c - a scroll of identify {unknown}
 d - a scroll of blinking {unknown}
 e - a scroll of teleportation {unknown}
Potions
 g - a potion of resistance {unknown}


   Skills:
 + Level 2.5 Fighting
 + Level 4.6 Maces & Flails
 + Level 1.8 Armour
 + Level 2.6 Dodging
 + Level 2.8 Spellcasting
 + Level 4.4 Conjurations
 + Level 0.1 Necromancy


You had 7 spell levels left.
You knew the following spells:

 Your Spells              Type           Power      Damage    Failure   Level
a - Kiss of Death         Conj/Necr      32%        2d7       11%         1

Your spell library contained the following spells:

 Spells                   Type           Power      Damage    Failure   Level
 Shock                    Conj/Air       32%        1d5       11%         1
 Momentum Strike          Conj/Tloc      16%        3d8       17%         2
 Hailstorm                Conj/Ice       8%         3d4       32%         3
 Swiftness                Air            1%         N/A       63%         3
 Airstrike                Air            0%         2d(1-17)  95%         4


Dungeon Overview and Level Annotations

Branches:
Dungeon (2/15) Zot: 565

Altars:


Innate Abilities, Weirdness & Mutations

You passively map a small area around you.
You are easily found by Zot.
You glow in the dark.
You regain HP and MP as you explore.


Message History

Confirm with . or Enter, or press ? or * to list all spells.
Aiming: Kiss of Death (safe; 12% risk of failure)
Press: ? - help, Shift-Dir - straight line, f/p - scorpion
Aim: a scorpion (almost dead, lightly drained, 100% to hit)
You miscast Kiss of Death.
You are very lightly contaminated with residual magic.
Nothing appears to happen.
You feel sick. The scorpion closely misses you.
Casting: Kiss of Death (safe; 12% risk of failure)
Confirm with . or Enter, or press ? or * to list all spells.
Aiming: Kiss of Death (safe; 12% risk of failure)
Press: ? - help, Shift-Dir - straight line, f/p - scorpion
Aim: a scorpion (almost dead, lightly drained, 100% to hit)
The negative energy hits the scorpion!
The scorpion is drained!
You kill the scorpion!
You feel drained.
You feel sick.
Your life force feels restored.
Your Armour skill increases to level 1!
You have reached level 4!
You feel sick.
You see here a hobgoblin corpse.
You feel sick.
You are no longer poisoned.
Your magical contamination has completely faded away.
Found a stone staircase leading up.
Magic restored.
You pick up a book of Air and begin reading...
You add the spells Shock, Swiftness and Airstrike to your library.
Found a stone staircase leading up.
A rat comes into view.
A rat is nearby!
The rat barely misses you.
You hit the rat but do no damage. The rat misses you.
The rat closely misses you.
You barely miss the rat. The rat closely misses you.
You sock the rat!
You kill the rat!
No target in view!
Found 5 gold pieces.
You now have 16 gold pieces (gained 5).
Are you sure you want to abandon this character and quit the game? (Confirm with "yes".)

##########
#........#
#.######.#
#########.#
#.#
..........#
#@#
###########
#.# #.# #.#
#### * *
#.# ..... ,
#.# ....#
..# ###.. ,
.## *


There were no monsters in sight!

Vanquished Creatures
  A scorpion (D:2)
  2 dart slugs (D:1)
  3 ball pythons (D:1)
  An endoplasm (D:1)
  2 goblins (D:1)
  4 hobgoblins
  A frilled lizard (D:1)
  A kobold (D:1)
  2 rats
17 creatures vanquished.

Notes
Turn   | Place    | Note
-------+----------+-------------------------------------------
     0 | D:1      | arglypuff the Meteoran Reaver began the quest for the Orb.
     0 | D:1      | Reached XP level 1. HP: 17/17 MP: 5/5
   171 | D:1      | Reached XP level 2. HP: 20/24 MP: 6/6
   329 | D:1      | Reached XP level 3. HP: 26/30 MP: 8/8
   491 | D:1      | Glimpsed the power of Zot.
   541 | D:1      | Glimpsed the power of Zot.
   557 | D:2      | Noticed a scorpion
   565 | D:2      | Killed a scorpion
   566 | D:2      | Reached skill level 1 in Armour
   566 | D:2      | Reached XP level 4. HP: 10/37 MP: 5/9
   625 | D:2      | Quit the game

Illustrated notes

Levels and vault maps discovered:
D:1:      tarquinn_simple_flora_water_c, layout_basic, minmay_surrounded
D:2:      cheibrodos_fertilizer, layout_loops_ring, serial_shops, shop

Skill      XL: |  1  2  3 |
---------------+----------+-----
Conjurations   | 4 |  4.4
Armour         | 1 |  1.8
Fighting       | |  2.5
Maces & Flails | |  4.6
Dodging        | |  2.6
Spellcasting   | |  2.8
Necromancy     | |  0.1

Action                     |  1- 3 |  4- 6 || total
---------------------------+-------+-------++-------
  Melee: Mace              |    48 |     3 ||    51
   Cast: Kiss of Death     |     2 |       ||     2
 Armour: Leather armour    |    23 |       ||    23
  Dodge: Dodged            |    26 |     4 ||    30

Table legend: (Time is in decaauts)
 A = Elapsed time spent in this place.
 B = Non-inter-level travel time spent in this place.
 C = Inter-level travel time spent in this place.
 D = Time resting spent in this place.
 E = Time spent auto-exploring this place.
 F = Levels seen in this place.
 G = Mean time per level.
                   A        B        C        D        E       F      G
               +--------+--------+--------+--------+--------+-----+--------+
         Total |    634 |    572 |     62 |      0 |    177 |   2 |  317.0 |
       Dungeon |    634 |    572 |     62 |      0 |    177 |   2 |  317.0 |
               +--------+--------+--------+--------+--------+-----+--------+

Top non-repeatable levels by time:
     D:1: 563 daAuts
     D:2: 71 daAuts
